Map: Lost and Found LE

Players

AtomicFather - Winner!

  • Race: Terran Terran
  • League: Diamond
  • Spawn Location: 7:00

FrostyFenix

  • Race: Zerg Zerg
  • League: Diamond
  • Spawn Location: 1:00

VOD

Have the link to the VOD?

Description

AtomicFather vs FrostyFenix

Time

  • Played on: Oct. 19, 2018, 9:35 p.m.
  • Length: 30:22
Show
View Real Time Build Order
Export as new Build Order

AtomicFather Terran - Winner!

Build Orders: 1/1/1, Cyclone Opening, Mech 

Get SALT Encoding   

  12  0:01  SCV  
  13  0:13  SCV  
  14  0:18  Supply Depot  
  14  0:25  SCV  
  14  0:27  Refinery  
  15  0:39  SCV  
  16  0:46  Barracks  
  16  0:53  SCV  
  16  0:56  Refinery  
  17  1:06  SCV  
  18  1:18  SCV  
  19  1:33  Orbital Command  
  19  1:36  Factory  
  19  1:37  Reaper  
  20  1:48  Supply Depot  
  20  2:00  SCV  
  21  2:11  Barracks Reactor  
  21  2:15  SCV  
  22  2:23  Cyclone  
  22  2:24  Starport  
  22  2:28  SCV  
  26  2:40  SCV  
  27  2:53  Command Center  
  27  2:57  SCV  
  28  3:04  Cyclone  
  28  3:05  Starport Tech Lab  
  31  3:15  Supply Depot  
  31  3:36  Banshee  
  31  3:37  SCV  
  31  3:38  Factory Tech Lab  
  31  3:40  Marine x2  
  36  3:45  Supply Depot  
  36  3:49  SCV  
  37  4:01  SCV  
  38  4:05  Siege Tank  
  41  4:11  Command Center  
  41  4:17  Orbital Command  
  41  4:32  SCV  
  41  4:33  Banshee  
  41  4:36  Orbital Command  
  45  4:45  SCV  
  46  4:57  SCV  
  45  5:13  SCV  
  45  5:14  SCV  
  44  5:24  Armory  
  44  5:25  Orbital Command, SCV  
  44  5:26  Armory, SCV  
  46  5:32  Factory  
  46  5:33  Factory  
  46  5:35  Starport Reactor  
  46  5:38  SCV x2  
  48  5:44  Engineering Bay  
  48  5:45  Siege Tank  
  51  5:50  SCV x2  
  53  5:58  SCV  
  53  6:02  Refinery, SCV x2  
  53  6:03  Refinery  
  56  6:10  SCV  
  57  6:14  SCV x2, Terran Vehicle Weapons Level 1  
  57  6:15  Terran Vehicle And Ship Armor Level 1  
  59  6:22  SCV  
  60  6:26  SCV x2  
  62  6:35  SCV  
  62  6:36  Hellion  
  62  6:37  Thor, Hellion  
  62  6:38  SCV x2  
  75  6:46  Missile Turret  
  76  6:47  Missile Turret, SCV  
  76  6:49  Missile Turret  
  76  6:54  Missile Turret  
  76  6:55  Missile Turret x2, SCV  
  76  6:57  Missile Turret  
  76  7:00  Supply Depot x2  
  77  7:03  Supply Depot  
  77  7:06  Orbital Command  
  77  7:22  Siege Tank x2, SCV, Hellion  
  86  7:28  SCV  
  87  7:32  Hellion  
  87  7:34  SCV  
  87  7:35  Refinery  
  90  7:40  Refinery  
  90  7:43  Hellion  
  92  7:45  SCV x2  
  92  7:47  SCV  
  95  7:53  Supply Depot  
  95  7:54  Siege Tank x2, Supply Depot  
  95  7:56  Supply Depot  
  101  8:13  Terran Vehicle Weapons Level 2, Terran Vehicle And Ship Armor Level 2  
  101  8:15  SCV x3, Hellion x2  
  101  8:16  Viking x2  
  112  8:20  Supply Depot  
  112  8:21  Supply Depot x2  
  112  8:27  Siege Tank, SCV x3  
  118  8:37  Liberator x2  
  118  8:38  Command Center  
  118  8:49  Missile Turret  
  118  8:52  Missile Turret  
  118  8:53  Missile Turret  
  124  8:58  SCV, Hellion x2  
  124  8:59  SCV  
  124  9:00  SCV  
  124  9:01  Starport  
  124  9:10  SCV  
  124  9:11  Siege Tank x2, SCV  
  124  9:12  SCV, Hellion x2  
  137  9:28  SCV  
  137  9:29  SCV  
  139  9:34  Hellion x2  
  139  9:35  Supply Depot  
  139  9:36  Supply Depot  
  139  9:37  Supply Depot  
  143  9:42  Infernal Pre-Igniter  
  143  9:43  Siege Tank x2  
  143  9:44  Smart Servos  
  147  9:56  Liberator x2  
  135  10:14  Command Center  
  141  10:15  Starport Tech Lab  
  141  10:19  Fusion Core  
  141  10:21  Supply Depot  
  141  10:23  Supply Depot  
  141  10:26  Supply Depot  
  141  10:28  Command Center  
  141  10:31  Sensor Tower, Planetary Fortress  
  141  10:32  Command Center  
  141  10:41  Sensor Tower  
  141  10:43  Refinery  
  141  10:47  Refinery  
  141  10:51  Terran Vehicle Weapons Level 3  
  141  10:52  Missile Turret  
  141  10:53  Liberator  
  141  10:54  Missile Turret  
  141  10:56  Missile Turret  
  141  11:09  Advanced Ballistics  
  141  11:11  Liberator x2  
  144  11:14  SCV x4  
  148  11:28  Orbital Command  
  154  11:38  Liberator  
  154  11:43  Starport  
  154  11:45  Starport, Terran Ship Weapons Level 1  
  154  11:54  Liberator x2  
  157  12:04  Starport  
  157  12:09  Planetary Fortress  
  157  12:13  Command Center  
  157  12:14  Command Center  
  157  12:32  Liberator  
  157  12:36  Liberator  
  157  12:46  Starport Reactor  
  157  12:47  Starport Reactor  
  157  12:49  Starport Reactor  
  157  12:50  Refinery  
  160  12:53  Refinery  
  160  12:56  Missile Turret  
  160  12:57  Missile Turret  
  163  12:58  Missile Turret  
  163  13:00  Missile Turret  
  163  13:01  Raven  
  165  13:15  Liberator  
  165  13:16  Thor  
  165  13:17  Thor  
  165  13:18  Hellion x2  
  165  13:19  Liberator  
  181  13:21  Liberator x3  
  181  13:27  Liberator  
  191  13:49  Planetary Fortress  
  191  13:51  Viking  
  191  13:52  Viking  
  195  13:57  Command Center  
  161  14:26  Liberator x2  
  161  14:34  Refinery  
  161  14:36  Thor x2  
  161  14:37  Hellion x2  
  177  14:42  Viking x4  
  191  14:55  Raven  
  190  15:19  Thor  
  196  15:30  Hellion x2  
  120  16:08  Siege Tank x2  
  111  16:14  Liberator x3  
  111  16:24  Planetary Fortress  
  111  16:34  Hellion x2  
  112  16:40  Siege Tank  
  112  16:41  Liberator x3  
  112  16:42  Barracks  
  112  16:46  Barracks  
  115  16:48  Barracks  
  115  16:49  Barracks  
  115  16:57  Barracks  
  115  16:59  Siege Tank  
  115  17:01  Barracks x2  
  127  17:18  Barracks  
  127  17:19  Barracks  
  127  17:20  Barracks x2  
  127  17:22  Terran Vehicle And Ship Armor Level 3, Terran Ship Weapons Level 2  
  127  17:24  Terran Infantry Weapons Level 1  
  127  17:34  Siege Tank  
  127  17:35  Hellion  
  127  17:36  Hellion  
  126  17:46  Raven  
  126  17:49  Barracks Tech Lab  
  128  17:54  Hellion  
  130  18:07  Marine  
  130  18:08  Marine x11  
  130  18:09  Liberator x2  
  130  18:12  Siege Tank, Hellion x2  
  149  18:17  Viking x2  
  153  18:24  Viking x2  
  153  18:25  Marine x2  
  153  19:23  Liberator x5  
  153  19:24  Liberator  
  120  19:32  Siege Tank x2  
  120  19:33  Marine, Hellion x2  
  120  19:34  Liberator, Marine x9  
  120  19:35  Marine x2  
  130  19:38  Raven  
  152  20:04  Marine x3  
  152  20:05  Marine x5  
  152  20:06  Marine x3  
  161  20:10  Stimpack  
  161  20:11  Barracks Tech Lab  
  156  20:15  Terran Infantry Armor Level 1  
  153  20:21  Siege Tank x2  
  153  20:22  Hellion x2  
  154  20:44  Hellion x2  
  158  20:53  Siege Tank  
  158  20:54  Siege Tank  
  164  21:05  Hellion x2  
  162  21:12  Raven  
  164  21:19  Marine  
  164  21:20  Marine x11  
  176  21:26  Hellion x2  
  180  21:37  Marine  
  181  21:45  Liberator x2  
  181  21:46  Liberator  
  172  21:48  Viking x3  
  172  21:49  Siege Tank  
  182  22:20  Hellbat  
  181  22:23  Raven  
  181  22:25  Hellion x3  
  181  22:26  Marine x4  
  181  22:27  Marine x6  
  181  22:28  Marine  
  182  22:56  Siege Tank x2  
  182  22:57  Marine x4  
  156  23:22  Marine x6  
  156  23:23  Marine x4  
  163  23:28  Siege Tank x2  
  163  23:33  Liberator x3  
  149  23:36  Marine x2  
  149  23:39  Marine  
  152  23:51  Viking x3  
  152  23:54  Hellion  
  152  23:55  Hellion  
  171  24:00  Siege Tank x2  
  172  24:15  Sensor Tower  
  172  24:20  Marine x7  
  172  24:21  Marine x3  
  172  24:22  Hellion x2  
  186  24:32  Siege Tank x2  
  186  24:36  Liberator  
  186  24:37  Liberator  
  174  24:47  Marine  
  174  24:48  Marine x10  
  174  24:49  Marine  
  174  24:51  Hellion x2  
  169  25:01  Orbital Command  
  169  25:04  Siege Tank x2  
  138  25:16  SCV x5  
  129  25:23  Marine x5  
  129  25:24  Marine x7  
  129  25:26  Hellion x2  
  133  25:36  Siege Tank x2  
  133  25:41  Marine x4  
  132  25:50  Orbital Command  
  132  25:59  Marine x6  
  132  26:00  Marine  
  132  26:01  Hellion x2  
  143  26:09  Siege Tank, Hellion  
  148  26:20  Marine x2  
  148  26:21  Marine x6  
  148  26:22  Hellion x2  
  160  26:30  Siege Tank  
  163  26:49  Marine x5  
  163  26:50  Marine x3  
  171  27:01  Marine x4  
  173  27:02  Siege Tank x2  
  173  27:03  Hellion x2  
  173  27:07  Marine x2  
  169  27:22  Marine  
  163  27:23  Marine x6  
  163  27:36  Siege Tank x2  
  156  27:51  Marine x12  
  152  27:57  Missile Turret  
  163  27:59  Missile Turret  
  163  28:01  Missile Turret  
  163  28:03  Missile Turret, Hellion x2  
  167  28:08  Siege Tank x2, Marine  
  167  28:09  Marine x3  
  177  28:19  Marine x6  
  180  28:20  Marine x2  
  180  28:24  Hellion  
  186  28:33  Hellion  
  165  28:40  Siege Tank  
  165  28:41  Hellion  
  170  28:47  Marine  
  170  28:48  Marine x2  
  173  28:54  Command Center  
  172  28:56  Hellion x2  
  172  28:58  Orbital Command  
  172  29:02  Siege Tank  
  174  29:12  Siege Tank  
  125  29:32  SCV x4  
  129  29:38  Siege Tank  
  129  29:39  Hellion x2  
  129  29:40  Marine x7  
  129  29:41  Marine  
  145  30:00  Marine  
  145  30:01  Marine x11  
Show
View Real Time Build Order
Export as new Build Order

FrostyFenix Zerg 

Build Orders: Hatch First 

Get SALT Encoding   

  12  0:00  Drone  
  13  0:08  Drone  
  14  0:14  Extractor  
  14  0:15  Drone  
  15  0:22  Overlord  
  15  0:41  Drone x2  
  17  0:53  Hatchery  
  16  0:59  Drone  
  17  1:10  Spawning Pool  
  16  1:13  Extractor  
  16  1:14  Drone  
  16  1:19  Drone  
  16  1:22  Drone  
  18  1:30  Drone  
  19  1:42  Overlord  
  19  1:57  Queen  
  19  2:00  Roach Warren  
  20  2:02  Overlord  
  20  2:09  Queen  
  20  2:13  Drone  
  23  2:17  Drone  
  23  2:20  Drone  
  25  2:25  Drone  
  25  2:27  Drone  
  27  2:38  Drone x3  
  27  2:42  Extractor  
  29  2:51  Drone x2  
  29  2:57  Evolution Chamber  
  30  3:00  Evolution Chamber  
  30  3:01  Drone  
  30  3:15  Hatchery  
  29  3:23  Queen  
  29  3:24  Drone  
  29  3:26  Drone  
  33  3:29  Drone  
  34  3:40  Drone x3  
  34  3:41  Drone  
  38  3:48  Extractor  
  38  3:49  Lair  
  38  3:54  Drone  
  39  3:55  Drone  
  39  3:58  Drone  
  39  3:59  Drone  
  41  4:07  Roach  
  41  4:09  Overlord  
  43  4:12  Overlord  
  43  4:27  Roach x3  
  43  4:28  Roach x2  
  53  4:34  Overlord  
  53  4:46  Roach x4  
  53  4:47  Roach  
  63  5:06  Spore Crawler, Overseer  
  60  5:07  Spore Crawler  
  60  5:11  Hydralisk Den  
  57  5:20  Drone x8  
  57  5:21  Drone  
  66  5:31  Extractor  
  66  5:33  Drone x2  
  67  5:36  Ravager x5  
  72  5:43  Grooved Spines  
  72  5:47  Drone x2  
  74  5:50  Overlord x2  
  74  5:55  Overseer  
  74  6:08  Spore Crawler  
  73  6:13  Zerg Missile Weapons Level 1, Infestation Pit, Zerg Ground Armor Level 1  
  73  6:16  Drone x2  
  73  6:17  Drone  
  75  6:20  Drone x3  
  78  6:36  Drone  
  78  6:37  Drone x5  
  78  6:38  Drone x2  
  86  6:43  Hydralisk x2  
  86  6:46  Overlord x2  
  90  6:54  Hive  
  90  7:00  Spine Crawler  
  89  7:01  Spine Crawler  
  89  7:04  Spine Crawler  
  89  7:06  Spore Crawler, Drone  
  89  7:07  Drone x3  
  90  7:21  Hydralisk  
  90  7:22  Hydralisk x4  
  96  7:23  Hydralisk  
  102  7:45  Hydralisk x2  
  102  7:49  Overlord x4  
  106  7:52  Hatchery  
  106  7:57  Extractor  
  106  7:58  Extractor  
  103  8:02  Queen  
  105  8:07  Overlord x2, Queen  
  105  8:08  Overlord  
  105  8:10  Pneumatized Carapace  
  107  8:25  Drone x8  
  107  8:26  Drone x3  
  118  8:46  Muscular Augments  
  118  8:52  Ultralisk Cavern  
  117  8:56  Metabolic Boost  
  117  8:57  Baneling Nest  
  116  9:05  Queen  
  116  9:09  Drone  
  119  9:10  Drone x3  
  122  9:23  Zerg Ground Armor Level 2  
  122  9:24  Zerg Melee Weapons Level 1  
  122  9:26  Overlord  
  122  9:27  Overlord x2  
  122  9:45  Chitinous Plating  
  122  9:47  Ultralisk x5  
  143  10:01  Drone x5  
  143  10:02  Drone x2  
  149  10:21  Centrifical Hooks  
  149  10:24  Adrenal Glands  
  149  10:26  Zergling x12  
  149  10:27  Zergling x18  
  164  10:45  Spine Crawler  
  164  10:47  Baneling, Spore Crawler  
  164  10:48  Baneling x11  
  164  10:49  Spore Crawler  
  161  10:53  Overlord x2  
  161  10:54  Ultralisk  
  167  11:09  Ultralisk x2  
  179  11:28  Drone x2  
  179  11:29  Drone x3  
  184  11:36  Drone x3  
  184  11:37  Extractor  
  186  11:53  Viper x3  
  187  12:15  Drone x2  
  187  12:16  Drone  
  187  12:18  Drone x2  
  187  12:19  Drone  
  190  12:36  Hatchery  
  189  12:39  Ultralisk  
  195  12:45  Hatchery  
  195  12:47  Hatchery  
  193  12:58  Baneling  
  193  12:59  Baneling x17  
  193  13:01  Zergling x8  
  193  13:02  Zergling x6  
  195  13:36  Viper x2  
  199  13:55  Extractor  
  199  13:58  Zerg Ground Armor Level 3, Zerg Missile Weapons Level 2  
  130  14:20  Hydralisk  
  130  14:21  Hydralisk x8  
  130  14:22  Hydralisk x7  
  130  14:23  Hydralisk x3  
  134  14:31  Zergling x18  
  114  14:32  Zergling x16  
  114  14:33  Queen  
  114  14:34  Drone x3  
  137  14:50  Hydralisk x2  
  137  14:51  Hydralisk x8  
  155  15:01  Baneling x8  
  155  15:02  Baneling x2  
  155  15:03  Zergling x14  
  154  15:20  Zergling x18  
  154  15:21  Zergling x18  
  170  15:32  Zergling x2  
  170  15:33  Zergling x16  
  170  15:34  Zergling x4  
  181  15:42  Unknown x2  
  108  16:07  Hydralisk x8  
  108  16:08  Hydralisk x7  
  137  16:28  Queen  
  137  16:30  Zergling x12  
  145  16:49  Ultralisk x3  
  161  17:04  Drone x4  
  161  17:05  Drone x6  
  171  17:15  Extractor x2  
  171  17:18  Spine Crawler  
  168  17:24  Viper x4  
  168  17:25  Viper x2  
  168  17:27  Spine Crawler  
  168  17:28  Spore Crawler  
  184  17:49  Hydralisk x6  
  184  17:50  Hydralisk  
  198  18:16  Evolution Chamber  
  198  18:17  Evolution Chamber x3  
  198  18:18  Ultralisk  
  200  18:20  Evolution Chamber  
  199  18:58  Hatchery  
  134  19:24  Hatchery  
  134  19:25  Hydralisk x3  
  134  19:26  Hydralisk x8  
  134  19:27  Hydralisk  
  111  19:35  Unknown  
  111  19:38  Hydralisk x12  
  105  19:39  Hydralisk x3  
  135  19:49  Zergling x8  
  139  19:55  Spore Crawler  
  139  19:56  Spore Crawler x2  
  133  20:12  Drone x5  
  133  20:13  Drone x4  
  133  20:28  Drone x5  
  136  20:30  Drone  
  138  20:36  Drone x2  
  138  20:37  Drone x2  
  142  20:56  Pathogen Glands  
  142  20:59  Ultralisk  
  142  21:02  Zergling x8  
  148  21:14  Ultralisk  
  148  21:15  Ultralisk  
  160  21:30  Spore Crawler  
  160  21:32  Viper  
  158  21:40  Unknown  
  158  21:44  Zergling x12  
  158  21:45  Zergling x16  
  158  21:46  Zergling x12  
  162  21:53  Neural Parasite  
  151  22:07  Hydralisk  
  151  22:08  Hydralisk x8  
  137  22:09  Hydralisk x3  
  137  22:10  Hydralisk  
  159  22:20  Drone x4  
  163  22:27  Queen  
  165  22:32  Extractor  
  165  22:33  Extractor  
  163  22:42  Ultralisk  
  139  22:56  Zergling x6  
  139  22:57  Zergling x14  
  139  22:58  Zergling x16  
  142  22:59  Zergling x10  
  129  23:09  Zergling x8  
  129  23:10  Zergling x2  
  124  23:32  Ultralisk x3  
  138  23:46  Hydralisk x4  
  138  23:47  Hatchery, Hydralisk  
  145  23:51  Baneling  
  145  23:52  Baneling  
  145  23:53  Zergling x10  
  145  23:54  Zergling x8  
  154  23:59  Hatchery  
  141  24:11  Zergling x14  
  141  24:12  Zergling x2  
  149  24:23  Queen  
  151  24:31  Baneling x9  
  149  24:32  Baneling x4  
  149  24:34  Zergling x6  
  140  24:51  Hydralisk x3  
  133  25:06  Hydralisk x2  
  117  25:08  Hydralisk  
  117  25:14  Zergling x14  
  94  25:15  Zergling x12  
  104  25:34  Zergling x6  
  104  25:35  Zergling x2  
  85  25:59  Ultralisk x2  
  85  26:00  Zergling x2  
  85  26:01  Zergling x16  
  85  26:02  Zergling x2  
  107  26:17  Zergling x2  
  107  26:18  Zergling x6  
  111  26:30  Queen  
  113  26:33  Hatchery  
  83  26:48  Hydralisk x3  
  83  26:49  Hydralisk x5  
  99  26:57  Hydralisk  
  99  27:10  Drone x2  
  99  27:11  Drone x3  
  102  27:25  Drone x3  
  102  27:26  Hydralisk x3  
  103  27:35  Zergling x12  
  103  27:36  Zergling x6  
  106  27:40  Zergling x2  
  99  27:46  Zergling x6  
  99  27:47  Zergling x8  
  99  27:49  Zergling x2  
  93  27:55  Zergling x4  
  95  27:58  Zergling x2  
  95  27:59  Zergling x30  
  95  28:00  Zergling x10  
  116  28:07  Zergling x8  
  116  28:08  Zergling x2  
  121  28:13  Hydralisk x2  
  121  28:14  Hydralisk x2  
  129  28:22  Baneling  
  129  28:23  Baneling x9  
  129  28:24  Baneling, Zergling x4  
  129  28:25  Zergling x8  
  134  28:30  Hydralisk  
  134  28:31  Hydralisk x3  
  134  28:33  Hydralisk  
  137  28:36  Zergling x2  
  137  28:37  Zergling x2  
  141  28:53  Queen  
  106  29:12  Zergling x8  
  106  29:13  Zergling x16  
  106  29:14  Zergling x14  
  106  29:15  Zergling x4  
  110  29:22  Zergling x4  
  110  29:23  Zergling x12  
  108  29:26  Zergling x2  
  108  29:30  Zergling x12  
  105  29:51  Zergling x2  
  105  29:52  Zergling x10  
  86  29:55  Zergling x8  
  86  29:56  Zergling x4  
Tags
 
Add a new tag
Caveats
  • Supply blocks, unpowered buildings, or Contaminate may cause inaccurate times.
  • Supply counts are checked every 10 seconds.